 Dungeon Crawl Stone Soup version 0.25-a0-565-g8875c97ebb (webtiles) character file.

Game seed: 5556281820325095140, levelgen mode: deterministic

256 tilp the Gusty (level 6, -3/32 HPs)
             Began as a Tengu Air Elementalist on Feb 26, 2020.
             Was an Initiate of Sif Muna.
             Killed from afar by an orc wizard (11 damage)
             ... with a puff of frost
             ... on level 4 of the Dungeon.
             The game lasted 00:07:45 (3396 turns).

tilp the Gusty (Tengu Air Elementalist)             Turns: 3396, Time: 00:07:46

Health: -3/32      AC:  5    Str:  8    XL:     6   Next: 15%
Magic:  7/10       EV: 15    Int: 17    God:    Sif Muna [......]
Gold:   193        SH:  0    Dex: 15    Spells: 4/10 levels left

rFire    . . .     SeeInvis .   a - +4 hand axe
rCold    . . .     Gourm    .   (no shield)
rNeg     . . .     Faith    .   f - +0 robe
rPois    .         Spirit   .   (helmet restricted)
rElec    .         Reflect  .   (no cloak)
rCorr    .         Harm     .   j - +2 pair of gloves
MR       .....                  (boots unavailable)
Stlth    ++........             (no amulet)
HPRegen  0.10/turn              (no ring)
MPRegen  0.12/turn              (no ring)

@: flying quickly and evasively, quick
A: beak, talons 3, able to fly
a: Stop Flying, Renounce Religion


You were on level 4 of the Dungeon.
You worshipped Sif Muna.
Sif Muna was noncommittal.
You were not hungry.

You visited 1 branch of the dungeon, and saw 4 of its levels.

You collected 193 gold pieces.

Inventory:

Hand Weapons
 a - a +4 hand axe (weapon)
 b - a +0 trident
 v - a +0 dagger
 x - a +2 vampiric hand axe
Missiles
 e - 69 stones (quivered)
 m - 70 sling bullets
Armour
 f - a +0 robe (worn)
 j - a +2 pair of gloves (worn)
Magical Staves
 r - an uncursed staff of power {unknown}
 y - an uncursed staff of wizardry {unknown}
Jewellery
 g - a +1 ring of evasion {unknown}
 q - a cursed -3 ring of intelligence {unknown}
Wands
 z - a wand of random effects (22)
Scrolls
 k - 5 scrolls of immolation
 l - a scroll of identify {unknown}
 n - 3 scrolls of teleportation
 t - a scroll of remove curse {unknown}
 w - 2 scrolls of fog {unknown}
Potions
 d - a potion of brilliance {unknown}
 h - a potion of invisibility {unknown}
 i - a potion of degeneration {unknown}
 p - a potion of berserk rage {unknown}
 s - a potion of curing
 u - 2 potions of stabbing {unknown}
Comestibles
 c - 3 rations


   Skills:
 - Level 2.1 Dodging
 - Level 2.0 Stealth
 + Level 2.6 Spellcasting
 - Level 6.0 Conjurations
 - Level 6.0 Air Magic


You had 4 spell levels left.
You knew the following spells:

 Your Spells              Type           Power        Failure   Level  Hunger
a - Shock                 Conj/Air       ###.         1%          1    #......
b - Swiftness             Chrm/Air       ##......     9%          2    ##.....
c - Static Discharge      Conj/Air       ###.....     4%          3    ###....

Your spell library contained the following spells:

 Spells                   Type           Power        Failure   Level  Hunger
 Airstrike                Air            ###.......   16%         4    #####..
 Lightning Bolt           Conj/Air       ###.......   41%         5    ######.


Dungeon Overview and Level Annotations

Branches:
Dungeon (4/15)
 Temple: D:4-7

Altars:
Elyvilon
Sif Muna
Xom
Yredelemnul


Innate Abilities, Weirdness & Mutations

You have a beak for a mouth.
You have claws for feet.
You can fly continuously.


Message History

Something hits you.
* * * LOW HITPOINT WARNING * * *
The iguana bites you.
* * * LOW HITPOINT WARNING * * *
You miss the iguana. You claw the iguana.
The iguana is heavily wounded.
You closely miss the orc. You hit the orc. You hit something but do no damage.
You feel less confused. The orc hits you.
* * * LOW HITPOINT WARNING * * *
Something hits you.
* * * LOW HITPOINT WARNING * * *
The orc hits you but does no damage. The iguana bites you.
* * * LOW HITPOINT WARNING * * *
The orc closely misses you.
It was a potion of curing.
You feel better.
You hear some strange, mumbled words.
A puff of frost appears from out of thin air!
The puff of frost hits you!
You die...

..........>....# ##..............
..............## #..)............
..............# #...............
..............# ##..............#
.............####...............#
................#...............#
................{...............#
.............###l{..............#
##..........## #@o...........#...
####......## #.o........####...
###....# #.....#.......#...
#...## #########.........
######.## ###....... #...###.##
####......# #.....#..#
###.........# .......#.##
###...<........ .......#..##
###..............


You could see an iguana and 2 orcs.

Vanquished Creatures
  2 orc priests
  Jessica (D:2)
  7 adders
  2 worms
  2 dart slugs (D:2)
  A leopard gecko (D:1)
  12 orcs
  6 bats
  7 giant cockroaches
  4 goblins
  9 hobgoblins
  10 jackals
  A quokka (D:3)
  2 ball pythons
  3 frilled lizards
  7 kobolds
  9 rats
85 creatures vanquished.

Notes
Turn   | Place    | Note
-------+----------+-------------------------------------------
     0 | D:1      | tilp the Tengu Air Elementalist began the quest for the
                  | Orb.
     0 | D:1      | Reached XP level 1. HP: 10/10 MP: 4/4
   286 | D:1      | Reached XP level 2. HP: 15/15 MP: 1/6
   676 | D:1      | Learned a level 2 spell: Swiftness
   837 | D:1      | Reached XP level 3. HP: 19/19 MP: 2/7
   842 | D:1      | Learned a level 3 spell: Static Discharge
  1295 | D:2      | Noticed Jessica
  1314 | D:2      | Killed Jessica
  1314 | D:2      | Reached XP level 4. HP: 24/24 MP: 3/8
  1724 | D:2      | Reached skill level 5 in Conjurations
  1724 | D:2      | Reached skill level 5 in Air Magic
  1831 | D:2      | Found a faded altar of an unknown god.
  2169 | D:2      | Found a white marble altar of Elyvilon.
  2234 | D:3      | Gained mutation: You can fly continuously. [Tengu growth]
  2234 | D:3      | Reached XP level 5. HP: 28/28 MP: 3/9
  2777 | D:3      | Found a shimmering blue altar of Sif Muna.
  2797 | D:3      | Found a shimmering altar of Xom.
  2802 | D:3      | Found a basalt altar of Yredelemnul.
  2832 | D:3      | Became a worshipper of Sif Muna the Loreminder
  3228 | D:4      | Reached XP level 6. HP: 32/32 MP: 3/10
  3395 | D:4      | HP: 1/32 [iguana (2)]
  3396 | D:4      | Killed from afar by an orc wizard

Levels and vault maps discovered:
D:1:      minmay_arrival_checkered_box, layout_rooms
D:2:      layout_rooms, lemuel_doored_altar, chequers_ecumenical_altar_grove,
          st_stairs_10, uniq_jessica
D:3:      layout_rooms, gammafunk_temple_overflow_forgotten
D:4:      layout_cave_pods, first_ration, minmay_misc_feat_x,
          chequers_serial_rivers_room_b, minmay_stone_trees_large

Skill      XL: |  1  2  3  4  5 |
---------------+----------------+-----
Conjurations   | 2 3 4 5 6 |  6.0
Air Magic      | 5 6 |  6.0
Dodging        | |  2.1
Stealth        | |  2.0
Spellcasting   | |  2.6

Action                   |  1- 3 |  4- 6 || total
-------------------------+-------+-------++-------
Melee: Dagger            |     8 |     3 ||    11
       Kick              |     1 |     2 ||     3
       Peck              |     1 |       ||     1
       Hand axe          |       |     8 ||     8
 Cast: Shock             |    65 |   116 ||   181
       Static Discharge  |       |     2 ||     2
 Abil: Fly               |       |     1 ||     1
  Use: Scroll            |       |     2 ||     2
       Potion            |       |     1 ||     1
  Eat: Chunk             |     2 |     9 ||    11
Armor: Robe              |     4 |     6 ||    10
Dodge: Dodged            |     8 |    28 ||    36

Table legend:
 A = Non-vault XP
 B = Vault XP
 C = Vault XP percentage of total XP
 D = Non-vault monster count
 E = Vault monster count
 F = Vault count percentage of total count
                 A         B        C        D         E       F
            +---------+---------+-------+---------+---------+-------
      Total |     315 |      51 |  13.9 |      82 |       3 |   3.5
            +---------+---------+-------+---------+---------+-------
        D:1 |      42 |       0 |   0.0 |      23 |       0 |   0.0
        D:2 |      71 |      51 |  41.8 |      25 |       3 |  10.7
        D:3 |     146 |       0 |   0.0 |      28 |       0 |   0.0
        D:4 |      56 |       0 |   0.0 |       6 |       0 |   0.0
            +---------+---------+-------+---------+---------+-------
